AoeStats
← Lic. VELEZ Y VINO

Lombardia

510018647Analyzed
4v4 RM · 5d ago on Sep 29, 2026· 53m 40s· 8 players
Game mode
Random Map
Map size
Large (8 player)
Population
200
Speed
Normal
Resources
Standard
Victory
Conquest
Starting age
Dark Age
Ending age
Imperial Age
RankedLock teamsTeams togetherTeam positionsShared explorationLock speedFull tech treeHidden civsTurbo modeCheats
Victory
Defeat
🇨🇳 Magyars · China
1730
+15
🇻🇳 Franks · Vietnam
1714
+16
🇨🇳 Britons · China
1713
+16
🇺🇸 Goths · United States
1712
+16
🇦🇷 Spanish · Argentina
1749
-16
🇦🇷 Malians · Argentina
1719
-16
🇦🇷 Turks · Argentina
1713
-16
🇦🇷 Teutons · Argentina
1687
-15
YYQ
10:05 Feudal Age
15:30 Castle Age
13:58 Double-Bit Axe
14:12 Horse Collar
14:37 Loom
15:30 Fletching
17:07 Bow Saw
17:27 Bodkin Arrow
20:53 Gold Mining
22:38 Wheelbarrow
22:29 Ballistics
22:36 Town Watch
22:54 Padded Archer Armor
26:02 Heavy Plow
27:43 Stone Mining
31:02 Imperial Age
29:25 Gold Shaft Mining
29:28 Leather Archer Armor
30:09 Hand Cart
30:52 Pikeman
31:49 Bracer
33:06 Chemistry
33:07 Two-Man Saw
32:49 Conscription
34:44 Siege Engineers
34:09 Elite Longbowman
35:08 Caravan
36:31 Ring Archer Armor
35:50 Treadmill Crane
37:07 Yeomen
37:32 Squires
37:33 Scale Mail Armor
37:44 Forging
38:07 Fortified Wall
38:28 Warwolf
41:37 Arson
41:31 Halberdier
43:32 Coinage
43:44 Chain Mail Armor
44:04 Iron Casting
45:51 Gambesons
45:28 Man-at-Arms
46:49 Plate Mail Armor
45:56 Long Swordsman
46:44 Two-Handed Swordsman
49:20 Champion
51:01 Blast Furnace
53:35 Banking
ZiZi
9:07 Feudal Age
9:48 Double-Bit Axe
14:40 Scale Barding Armor
14:51 Forging
14:45 Loom
18:16 Gold Mining
22:02 Castle Age
20:33 Scale Barding Armor
23:09 Chain Barding Armor
22:50 Husbandry
24:37 Iron Casting
30:15 Bow Saw
34:43 Wheelbarrow
35:11 Stone Mining
37:13 Town Watch
37:26 Town Watch
41:09 Imperial Age
38:55 Hand Cart
39:21 Gold Shaft Mining
39:25 Scale Mail Armor
39:11 Gambesons
39:27 Squires
39:13 Arson
42:23 Conscription
42:20 Chain Mail Armor
42:31 Elite Throwing Axeman
43:43 Plate Mail Armor
46:11 Blast Furnace
48:44 Caravan
49:04 Masonry
49:30 Hoardings
51:25 Ballistics
51:36 Caravan
51:50 Caravan
小白
6:38 Loom
9:25 Feudal Age
10:20 Double-Bit Axe
17:16 Wheelbarrow
17:07 Scale Barding Armor
17:23 Horse Collar
21:54 Castle Age
20:04 Gold Mining
20:57 Bloodlines
21:02 Stone Mining
23:13 Chain Barding Armor
22:56 Husbandry
23:08 Bow Saw
23:00 Heavy Plow
27:31 Corvinian Army
33:38 Gold Shaft Mining
34:13 Hand Cart
38:50 Imperial Age
38:57 Ballistics
38:55 Fletching
38:52 Elite Magyar Huszar
40:08 Plate Barding Armor
39:58 Conscription
40:55 Two-Man Saw
40:26 Caravan
41:17 Crop Rotation
45:28 Bodkin Arrow
48:14 Bracer
48:45 Recurve Bow
49:47 Chemistry
49:15 Parthian Tactics
49:25 Thumb Ring
48:43 Heavy Cavalry Archer
49:39 Padded Archer Armor
50:37 Leather Archer Armor
51:48 Siege Engineers
51:56 Masonry
52:43 Ring Archer Armor
53:39 Coinage
53:19 Murder Holes
Varrus
0:38 Loom
15:56 Feudal Age
15:59 Man-at-Arms
23:31 Castle Age
21:23 Double-Bit Axe
21:29 Gold Mining
22:00 Horse Collar
24:30 Heavy Plow
24:43 Bow Saw
29:47 Wheelbarrow
29:39 Town Watch
31:33 Fletching
33:20 Hand Cart
37:49 Imperial Age
35:07 Treadmill Crane
35:30 Pikeman
36:13 Bodkin Arrow
36:40 Ballistics
37:05 Scale Mail Armor
37:15 Forging
37:14 Squires
37:52 Halberdier
39:01 Conscription
39:04 Chain Mail Armor
39:25 Iron Casting
39:22 Perfusion
40:38 Chemistry
39:48 Masonry
40:08 Anarchy
40:40 Caravan
41:59 Coinage
44:32 Blast Furnace
43:34 Bracer
44:06 Architecture
45:46 Banking
47:48 Guilds
50:01 Two-Man Saw
49:33 Elite Huskarl
Lic. VELEZ Y VINO
5:09 Loom
11:30 Feudal Age
15:32 Castle Age
13:54 Double-Bit Axe
24:23 Horse Collar
26:14 Squires
27:36 Wheelbarrow
27:49 Forging
28:33 Scale Mail Armor
28:56 Bow Saw
28:54 Gold Mining
29:15 Heavy Plow
35:31 Imperial Age
34:53 Chain Mail Armor
35:02 Hand Cart
35:50 Iron Casting
35:08 Fletching
35:28 Arson
38:25 Chemistry
37:57 Plate Mail Armor
39:10 Conscription
39:12 Ballistics
38:56 Bodkin Arrow
41:54 Treadmill Crane
42:43 Masonry
43:14 Elite Gbeto
44:09 Elite Gbeto
48:30 Hoardings
48:03 Caravan
48:48 Man-at-Arms
50:55 Long Swordsman
51:58 Two-Handed Swordsman
53:07 Tigui
53:12 Champion
RománMás3
7:15 Loom
10:05 Feudal Age
10:46 Double-Bit Axe
11:24 Horse Collar
23:19 Castle Age
23:18 Stone Mining
24:14 Bow Saw
26:28 Heavy Plow
27:18 Wheelbarrow
27:14 Gold Mining
28:37 Town Watch
32:41 Hand Cart
35:53 Imperial Age
34:32 Bloodlines
34:23 Husbandry
36:05 Cavalier
37:02 Scale Barding Armor
37:11 Forging
37:25 Conscription
38:12 Chain Barding Armor
41:09 Plate Barding Armor
42:14 Iron Casting
42:02 Fletching
42:13 Padded Archer Armor
42:45 Bodkin Arrow
42:20 Elite Skirmisher
43:45 Leather Archer Armor
43:42 Thumb Ring
43:51 Bracer
44:54 Chemistry
45:19 Ring Archer Armor
45:12 Ballistics
49:56 Blast Furnace
48:56 Scale Mail Armor
49:06 Pikeman
49:46 Squires
50:02 Chain Mail Armor
50:48 Blast Furnace
50:38 Caravan
51:14 Plate Mail Armor
MUERE CACA
7:12 Loom
9:40 Feudal Age
10:14 Double-Bit Axe
17:06 Forging
19:43 Scale Barding Armor
19:37 Horse Collar
21:40 Wheelbarrow
24:41 Castle Age
24:00 Bloodlines
25:51 Chain Barding Armor
26:12 Iron Casting
26:02 Bow Saw
27:51 Husbandry
29:03 Gold Mining
31:30 Hand Cart
33:32 Heavy Plow
37:29 Imperial Age
34:59 Fletching
35:53 Ballistics
36:00 Thumb Ring
36:09 Stone Mining
36:54 Gold Shaft Mining
36:55 Town Watch
37:43 Bodkin Arrow
38:35 Bracer
39:34 Padded Archer Armor
39:33 Heavy Cavalry Archer
40:43 Leather Archer Armor
41:54 Parthian Tactics
42:42 Sipahi
43:41 Conscription
44:20 Ring Archer Armor
47:22 Town Patrol
47:46 Masonry
47:17 Treadmill Crane
49:04 Conscription
50:12 Plate Barding Armor
Q
10:51 Feudal Age
14:40 Castle Age
12:36 Horse Collar
12:41 Double-Bit Axe
12:49 Double-Bit Axe
22:50 Wheelbarrow
22:49 Town Watch
23:24 Scale Barding Armor
23:22 Loom
24:51 Chain Barding Armor
25:24 Bow Saw
25:14 Heavy Plow
28:00 Forging
28:38 Gold Mining
28:38 Stone Mining
29:57 Hand Cart
31:22 Bloodlines
31:48 Iron Casting
32:06 Stone Shaft Mining
34:04 Imperial Age
32:56 Heavy Plow
34:11 Cavalier
34:52 Scale Mail Armor
35:27 Plate Barding Armor
37:55 Crop Rotation
37:24 Paladin
40:40 Masonry
41:34 Blast Furnace
40:24 Fletching
47:11 Bodkin Arrow
Connection lost

Rejoining the realm…

Still unreachable

The connection could not be restored.

Session expired

The server has moved on; the page needs a fresh start.